 Dungeon Crawl Stone Soup version 0.30.1-3-gfc49f6343a (webtiles) character file.

Game seed: 3239109635673725037

284096 GamesABlazin the Earth Mage (level 20, -9/193 HPs)
             Began as a Gargoyle Earth Elementalist on July 30, 2023.
             Was the Champion of Vehumet.
             Mangled by a +2 heavy long sword (16 damage)
             ... animated by Zenata
             ... on level 14 of the Dungeon on Aug 8, 2023.
             The game lasted 05:12:20 (56172 turns).

GamesABlazin the Earth Mage (GrEE)                 Turns: 56172, Time: 05:12:21

Health: -9/193     AC: 48    Str: 17    XL:     20   Next: 57%
Magic:  26/34      EV: 11    Int: 20    God:    Vehumet [******]
Gold:   2789       SH: 29    Dex: 13    Spells: 12/39 levels left

rFire   + . .        f - +6 eveningstar (protect)
rCold   + . .        M - +6 tower shield
rNeg    + . .        X - +3 scale mail "Haor" {rC+}
rPois   ∞            T - +0 helmet "Okuem" {Dex+3 Stlth+}
rElec   +            S - +2 cloak
rCorr   .            J - +2 pair of gloves
SInv    .            Q - +2 pair of boots
Will    ++...        Y - amulet of reflection Stlth
                     E - ring of willpower
HPRegen 0.52/turn    B - ring of protection from fire
MPRegen 0.24/turn

%: reflection
@: mighty, berserking (expiring), under a protective aura, flying, studying
Spellcasting, very quick
A: sickness immunity, AC +15, big wings, negative energy resistance 1,
electricity resistance, torment resistance 1, petrification resistance
}: 2/15 runes: serpentine, barnacled
a: Renounce Religion


You were on level 14 of the Dungeon.
You worshipped Vehumet.
Vehumet was exalted by your worship.
You visited 8 branches of the dungeon, and saw 35 of its levels.
You visited the Abyss 2 times.

You collected 4009 gold pieces.
You spent 1220 gold pieces at shops.

Inventory:

Hand Weapons
 f - a +6 eveningstar of protection (weapon)
Armour
 q - a +0 kite shield of reflection
 H - a +0 troll leather armour
 J - a +2 pair of gloves (worn)
 K - a scarf of shadows
 M - a +6 tower shield (worn)
 Q - a +2 pair of boots (worn)
 R - the +0 scale mail of Starshine {Int+7}
   (You found it on level 1 of the Elven Halls)

   Int:       It affects your intelligence (+7).
 S - a +2 cloak (worn)
 T - the +0 helmet "Okuem" (worn) {Dex+3 Stlth+}
   (You found it on level 3 of the Shoals)

   Dex:       It affects your dexterity (+3).
   Stlth:     It makes you more stealthy.
 X - the +3 scale mail "Haor" (worn) {rC+}
   (You found it on level 3 of the Shoals)

   rC:        It protects you from cold.
Jewellery
 c - a +6 ring of strength
 h - the ring "Roapurph" {rN+ EV+5}
   (You found it on level 3 of the Shoals)

   [ring of evasion]

   EV:        It affects your evasion (+5).
   rN:        It protects you from negative energy.
 B - a ring of protection from fire (right hand)
 E - a ring of willpower (left hand)
 G - a +5 ring of evasion
 Y - an amulet of reflection (around neck)
 Z - an amulet of magic regeneration
Wands
 o - a wand of flame (24)
 v - a wand of polymorph (13)
 L - a wand of roots (24)
 P - a wand of mindburst (7)
 U - a wand of charming (9)
 V - a wand of digging (4)
 W - a wand of quicksilver (18)
Scrolls
 e - 3 scrolls of amnesia
 j - 5 scrolls of immolation {Mintice}
 r - 19 scrolls of identify
 y - 2 scrolls of brand weapon
 A - 2 scrolls of silence {!r}
 O - 2 scrolls of magic mapping
Potions
 a - 4 potions of magic
 b - 4 potions of lignification
 k - 4 potions of resistance
 p - 11 potions of curing {!q}
 s - 7 potions of mutation
 t - a potion of berserk rage {!q}
 u - 3 potions of cancellation {!q}
 w - 2 potions of heal wounds {!q}
 z - 2 potions of might {!q}
 D - a potion of ambrosia
 F - 10 potions of brilliance
 I - 5 potions of attraction
Miscellaneous
 x - a box of beasts
 C - a phial of floods (inert)
 N - a lightning rod (4/4)


   Skills:
 - Level 15.0 Fighting
 - Level 16.0 Maces & Flails
 - Level 15.0 Armour
 + Level 9.1 Dodging
 - Level 2.2 Stealth
 - Level 15.3 Shields
 - Level 10.0 Spellcasting
 - Level 10.4 Conjurations
 - Level 0.7 Transmutations
 - Level 20.0 Earth Magic


You had 12 spell levels left.
You knew the following spells:

 Your Spells              Type           Power      Damage    Failure   Level
a - Sandblast             Erth           100%       2d20      0%          1
b - Stone Arrow           Conj/Erth      100%       3d13      1%          3
c - Lehudib's Crystal Sp  Conj/Erth      31%        10d8      82%         8
d - Iron Shot             Conj/Erth      31%        9d6       4%          6
e - Petrify               Tmut/Erth      51%        N/A       7%          4
f - Lee's Rapid Deconstr  Erth           37%        3d18*     1%          5

Your spell library contained the following spells:

 Spells                   Type           Power      Damage    Failure   Level
 Ignition                 Fire           5%         3d4       100%        8
 Fire Storm               Conj/Fire      15%        8d4       100%        9
 Polar Vortex             Ice            5%         N/A       100%        9
 Kiss of Death            Conj/Necr      100%       2d13      1%          1
 Passwall                 Tmut/Erth      42%        N/A       1%          2
 Hailstorm                Conj/Ice       30%        3d8       5%          3
 Leda's Liquefaction      Hex/Erth       25%        N/A       9%          4
 Freeze                   Ice            40%        1d6       13%         1
 Flame Wave               Conj/Fire      30%        2d9       16%         4
 Fulminant Prism          Conj/Hex       15%        3d10      16%         4
 Iskenderun's Mystic Bla  Conj/Tloc      30%        2d8       16%         4
 Poisonous Vapours        Pois/Air       20%        N/A       19%         2
 Scorch                   Fire           20%        2d6       19%         2
 Borgnjor's Vile Clutch   Necr/Erth      25%        N/A       22%         5
 Frozen Ramparts          Ice            20%        1d4       36%         3
 Volatile Blastmotes      Fire/Tloc      20%        2d11      36%         3
 Sting                    Tmut/Pois      44%        1d5       41%         1
 Apportation              Tloc           20%        N/A       45%         1
 Necrotise                Necr           40%        1d6       45%         1
 Slow                     Hex            40%        N/A       45%         1
 Summon Small Mammal      Summ           40%        N/A       45%         1
 Ensorcelled Hibernation  Hex/Ice        20%        N/A       58%         2
 Lesser Beckoning         Tloc           20%        N/A       58%         2
 Olgreb's Toxic Radiance  Pois           10%        N/A       73%         4
 Orb of Destruction       Conj           25%        9d9       78%         7
 Call Canine Familiar     Summ           10%        N/A       83%         3
 Confusing Touch          Hex            10%        N/A       83%         3
 Portal Projectile        Hex/Tloc       20%        N/A       83%         3
 Summon Guardian Golem    Hex/Summ       10%        N/A       83%         3
 Swiftness                Air            10%        N/A       83%         3
 Tukima's Dance           Hex            10%        N/A       83%         3
 Vampiric Draining        Necr           10%        2d6       83%         3
 Vhi's Electric Charge    Tloc/Air       20%        N/A       83%         3
 Animate Dead             Necr           10%        N/A       99%         4
 Dispel Undead            Necr           10%        3d9       99%         4
 Manifold Assault         Tloc           10%        N/A       99%         4
 Blade Hands              Tmut           6%         N/A       100%        5
 Summon Forest            Summ/Tloc      5%         N/A       100%        5
 Death Channel            Necr           5%         N/A       100%        6
 Eringya's Noxious Bog    Tmut/Pois      5%         N/A       100%        6
 Summon Cactus Giant      Summ           5%         N/A       100%        6
 Spellforged Servitor     Conj/Summ      15%        N/A       100%        7
 Summon Hydra             Summ           5%         N/A       100%        7


Dungeon Overview and Level Annotations

Branches:
Dungeon (15/15)            Temple (1/1) D:4            Lair (5/5) D:8
 Shoals (4/4) Lair:2        Snake (4/4) Lair:2        Slime (0/5) Lair:5
    Orc (2/2) D:9             Elf (3/3) Orc:2        Vaults (1/5) D:14
 Depths (0/4) D:15

Altars:
Ashenzari
Cheibriados
Dithmenos
Elyvilon
Fedhas
Gozag
Hepliaklqana
Kikubaaqudgha
Makhleb
Nemelex Xobeh
Okawaru
Qazlal
Ru
Sif Muna
Trog
Uskayaw
Vehumet
Wu Jian
Xom
Yredelemnul
Zin
The Shining One

Shops:
D:4 !   D:5 ?*!   D:6 !   D:8 *   D:12 (   D:14 !   Orc:2 ([([   Elf:3 !
Snake:1 =:=   Snake:2 **

Annotations:
D:8 exclusion: downstairs
D:9 exclusion: 2 downstairs
D:11 exclusion: upstairs
D:13 3 runed translucent doors, suzumiya's ghost, journeyman TrGl
D:14 Zenata
D:15 exclusion: orange crystal statue
Lair:2 3 runed translucent doors, Babbit's ghost, journeyman MiFi; jujuben's ghost, journeyman MiFi; jujuben's ghost, journeyman TrFi
Shoals:2 Geeze LOUISE!, Louise
Shoals:3 exclusions: downstairs and upstairs
Snake:4 Vashnia


Innate Abilities, Weirdness & Mutations

You are immune to sickness and miasma.
Your stone body is resilient. (AC +15)
You are immune to poison.
Your large and strong wings let you fly.
You resist negative energy. (rN+)
You are resistant to electric shocks. (rElec)
You are resistant to unholy torment.
You are immune to petrification.


Message History

Zenata is severely wounded.
You block the +3 dire flail of draining's attack.
You block the +2 heavy long sword's attack.
The +2 long sword of holy wrath hits you but does no damage.
You block the +3 short sword of draining's attack.
The +4 glaive of venom hits you but does no damage.
The +3 dire flail of draining hits you but does no damage.
The +2 long sword of holy wrath hits you.
* * * LOW HITPOINT WARNING * * *
You take 5 damage, and have 29/193 hp.
You sock Zenata!
Zenata is severely wounded.
You block the +3 short sword of draining's attack.
You block the +2 heavy long sword's attack.
You block the +3 dire flail of draining's attack.
The +4 glaive of venom closely misses you.
The +3 short sword of draining hits you but does no damage.
The +2 long sword of holy wrath hits you but does no damage.
Zenata points at you and mumbles some strange words.
A blast of power from the earth and the adjacent constructs strikes you!
* * * LOW HITPOINT WARNING * * *
You take 21 damage, and have 8/193 hp.
You hit Zenata but do no damage.
Zenata is severely wounded.
You block the +3 short sword of draining's attack.
The +3 dire flail of draining hits you.
* * * LOW HITPOINT WARNING * * *
You block the +2 heavy long sword's attack.
You block the +2 long sword of holy wrath's attack.
The +4 glaive of venom hits you but does no damage.
The +3 short sword of draining hits you but does no damage.
You take 2 damage, and have 6/193 hp.
You bludgeon Zenata!!
Zenata is almost dead.
You block the +3 dire flail of draining's attack.
You block the +2 long sword of holy wrath's attack.
You block the +3 short sword of draining's attack.
You block the +4 glaive of venom's attack.
The +2 heavy long sword hits you!
You die...

###########
##.........####
#####...######.##..
#...#...)...##.##..
#...#...#...#......
#((a#...###'#..>...
#[@((...#.#........
#(..#...#.#.#......
#...#...#.#.#.#####
#...#...#.'.#.#....
#####..)#####.#....
#............#....
#............#....
#............#####
######............


You could see Zenata and 5 dancing weapons.

Vanquished Creatures
  Nikola (Shoals:2)
  Jorgrun (Elf:2)
  The ghost of gdog the Unseen, an adept GnDe of Gozag (Shoals:4)
  Mlioglotl (Shoals:1)
  2 deep elf blademasters (Elf:2)
  A deep elf master archer (Elf:3)
  Polyphemus (Shoals:2)
  A titan (Shoals:3)
  Kirke (Snake:1)
  The ghost of Qidumn the Severer, an adept MiFi of Okawaru (Shoals:3)
  Donald (Vaults:1)
  7 nagarajas
  Aizul (Elf:1)
  A deep elf elementalist (Elf:2)
  The ghost of jujuben the Fencer, a journeyman MiBe of Trog (Elf:1)
  A juggernaut skeleton (Abyss:2)
  An ophan (Abyss:2)
  Nessos (D:12)
  An ironbound thunderhulk (D:14)
  3 deep elf annihilators
  2 deep elf demonologists (Elf:3)
  3 deep elf death magi
  An eidolon (Abyss:2)
  11 merfolk impalers
  3 merfolk javelineers
  Josephine (Snake:1)
  A great orb of eyes (Vaults:1)
  7 hydras
  Erolcha (D:10)
  5 salamander tyrants
  2 rakshasas
  7 ogre magi
  6 merfolk avatars
  6 boulder beetles
  3 alligator snapping turtles
  8 centaur warriors
  Erica (D:8)
  8 naga warriors
  A catoblepas (Shoals:2)
  An ironbound frostheart (Vaults:1)
  3 satyrs (Shoals:4)
  10 anacondas
  2 merfolk aquamancers
  20 two-headed ogres
  7 death yaks
  2 tengu warriors (D:14)
  24 dancing weapons
  4 shock serpents
  2 thrashing horrors (Abyss:2)
  11 deep elf knights
  12 naga sharpshooters
  6 skysharks
  10 salamander mystics
  A deep troll (D:14)
  10 sea snakes
  Lodul (D:13)
  A glowing orange brain (D:15)
  A skeletal warrior (D:14)
  A death drake (Abyss:2)
  7 naga ritualists
  2 ironbound convokers (D:14)
  2 wizards
  2 necromancers (D:14)
  A swamp dragon (D:14)
  8 deep elf archers
  3 lindwurms
  An orc knight (Orc:2)
  23 deep elf pyromancers
  16 deep elf zephyrmancers
  18 harpies
  8 mana vipers
  10 fauns
  A mana viper (shapeshifter) (D:15)
  17 ugly things
  3 orc sorcerers
  A worldbinder (Abyss:2)
  14 cyclopes
  17 manticores
  30 black mambas
  22 salamanders
  3 elephants (Lair:5)
  A moth of wrath (Shoals:3)
  2 vault sentinels
  7 merfolk sirens
  An apocalypse crab (Abyss:2)
  22 naga magi
  2 torpor snails
  5 water nymphs
  Maurice (D:12)
  8 cane toads
  5 gargoyles
  A cane toad (shapeshifter) (D:14)
  6 komodo dragons
  Maggie (Lair:2)
  5 kobold demonologists
  2 unseen horrors
  3 efreet
  2 tormentors (Abyss:2)
  3 rime drakes
  7 yaktaurs
  A yaktaur (shapeshifter) (D:14)
  2 ancient zymes (Abyss:2)
  4 tengu conjurers
  3 meliai (D:14)
  7 wind drakes
  6 trolls
  9 polar bears (Lair:5)
  28 blink frogs
  33 merfolk
  7 hornets
  Grinder (D:3)
  4 dream sheep (Shoals:3)
  6 raiju
  7 snapping turtles
  2 air elementals
  5 water elementals
  2 ynoxinuls (Abyss:2)
  3 shadows
  11 slime creatures
  2 vampires
  6 wraiths
  6 wyverns
  5 hogs (Snake:1)
  6 basilisks
  46 yaks
  3 fire elementals (Elf:2)
  4 vampire mosquitoes
  2 chaos spawn (Abyss:2)
  5 starcursed masses (Abyss:2)
  2 neqoxecs (Abyss:2)
  3 steam dragons
  60 nagas
  2 acid dragons
  5 wargs
  An acid dragon (shapeshifter) (Elf:3)
  2 large abominations (Abyss:2)
  A floating eye (shapeshifter) (D:14)
  2 floating eyes (Orc:1)
  6 water moccasins
  14 hell hounds (Lair:5)
  14 orc warriors
  2 sky beasts
  2 ice beasts
  12 black bears
  26 ogres
  2 boggarts
  17 wolves (Lair:5)
  10 centaurs
  4 kobold brigands
  A phantom (D:6)
  3 gnoll sergeants
  10 bullfrogs
  2 earth elementals
  4 scorpions (D:6)
  4 wights (D:7)
  3 small abominations (Abyss:2)
  11 killer bees
  7 howler monkeys
  A crimson imp (Abyss:2)
  A jelly (shapeshifter) (D:14)
  3 jellies
  12 orc priests
  4 hounds
  5 iguanas
  19 orc wizards
  Natasha (thrice) (D:3)
  A sleepcap (D:4)
  3 adders
  10 gnolls
  2 shadow imps
  A white imp (Abyss:2)
  2 ufetubi
  2 worms
  2 dart slugs
  61 orcs
  7 bats
  3 endoplasms
  2 giant cockroaches
  6 goblins
  9 hobgoblins
  21 kobolds
  5 quokkas
  9 ball pythons
  5 frilled lizards
  5 rats
  2 lurking horrors (Abyss:2)
  A tentacle (Shoals:3)
1193 creatures vanquished.

Vanquished Creatures (collateral kills)
  A sea snake (Shoals:4)
  2 merfolk (Shoals:4)
  2 starcursed masses (Abyss:2)
5 creatures vanquished.

Vanquished Creatures (others)
  A deep elf knight (Elf:2)
  A deep elf pyromancer (Elf:3)
  3 manticores
  A naga mage (Snake:4)
  2 nagas (Snake:4)
  2 humans
  A killer bee (D:10)
  A howler monkey (D:9)
  36 tentacles
48 creatures vanquished.

Grand Total: 1246 creatures vanquished

Notes
Turn   | Place    | Note
-------+----------+-------------------------------------------
     0 | D:1      | GamesABlazin the Gargoyle Earth Elementalist began the
                  | quest for the Orb.
     0 | D:1      | Reached XP level 1. HP: 10/10 MP: 3/3
   169 | D:1      | Reached skill level 4 in Earth Magic
   207 | D:1      | Reached XP level 2. HP: 15/15 MP: 3/5
  1038 | D:2      | Reached XP level 3. HP: 19/19 MP: 4/6
  1233 | D:2      | Reached skill level 5 in Earth Magic
  1771 | D:2      | Reached XP level 4. HP: 24/24 MP: 7/7
  1913 | D:3      | Noticed Natasha
  1915 | D:3      | Killed Natasha
  1916 | D:3      | Reached skill level 6 in Earth Magic
  1920 | D:3      | Noticed Natasha
  1925 | D:3      | Killed Natasha
  2000 | D:3      | Found a faded altar of an unknown god.
  2030 | D:3      | Noticed Natasha
  2033 | D:3      | Killed Natasha
  2034 | D:3      | Reached XP level 5. HP: 28/28 MP: 4/8
  2212 | D:3      | Noticed Grinder
  2217 | D:3      | Paralysed by Grinder for 3 turns
  2221 | D:3      | Killed Grinder
  2222 | D:3      | Reached skill level 8 in Earth Magic
  2222 | D:3      | Reached XP level 6. HP: 30/32 MP: 4/9
  2227 | D:3      | Learned a level 3 spell: Stone Arrow
  2801 | D:4      | Found Gurchoung's Distillery.
  3290 | D:4      | Reached skill level 1 in Fighting
  3318 | D:4      | Reached skill level 9 in Earth Magic
  3318 | D:4      | Reached XP level 7. HP: 38/38 MP: 6/10
  3404 | D:4      | Found a staircase to the Ecumenical Temple.
  3476 | Temple   | Entered the Ecumenical Temple
  3642 | Temple   | Became a worshipper of Vehumet
  3678 | D:5      | Entered Level 5 of the Dungeon
  3732 | D:5      | Found Nerchy's Distillery.
  3747 | D:5      | Found Alaolaom's General Store.
  3927 | D:5      | Identified the +1 ring mail of Qeroonol {+Inv Str+2}
  3968 | D:5      | Reached skill level 1 in Armour
  3968 | D:5      | Reached skill level 1 in Conjurations
  4166 | D:5      | Identified the +4 dagger "Tublavi" {speed, Int+3}
  4309 | D:5      | Found Zyth's Magic Scroll Emporium.
  4737 | D:6      | Reached skill level 1 in Shields
  4737 | D:6      | Reached XP level 8. HP: 46/46 MP: 8/11
  4963 | D:6      | Found a shimmering altar of Xom.
  5126 | D:6      | Found an iron altar of Okawaru.
  5273 | D:6      | Reached * piety under Vehumet
  5273 | D:6      | Offered knowledge of Foxfire by Vehumet.
  5454 | D:6      | Found Syolyc's Distillery.
  5463 | D:6      | Bought a potion of heal wounds for 55 gold pieces
  5652 | D:6      | Found a shadowy altar of Dithmenos.
  5931 | D:7      | Reached skill level 10 in Earth Magic
  6172 | D:7      | Reached XP level 9. HP: 49/52 MP: 7/12
  6579 | D:7      | Reached skill level 5 in Fighting
  6668 | D:7      | Reached skill level 5 in Armour
  6668 | D:7      | Reached skill level 5 in Conjurations
  6760 | D:7      | Reached skill level 5 in Shields
  6983 | D:8      | Noticed Erica
  7104 | D:8      | Killed Erica
  7104 | D:8      | Reached ** piety under Vehumet
  7104 | D:8      | Offered knowledge of Searing Ray by Vehumet.
  7105 | D:8      | Reached XP level 10. HP: 44/60 MP: 4/13
  7163 | D:8      | Reached skill level 11 in Earth Magic
  7254 | D:8      | Found an ornate altar of the Wu Jian Council.
  7290 | D:8      | Noticed a two-headed ogre
  7299 | D:8      | Killed a two-headed ogre
  7342 | D:8      | Identified the +6 falchion of Quick Death {holy, +Blink
                  | rF+}
  7461 | D:8      | Found a white marble altar of Elyvilon.
  7484 | D:8      | Found a staircase to the Lair.
  7656 | D:8      | Found an ancient bone altar of Kikubaaqudgha.
  7729 | D:8      | Found Eteesots's Assorted Antiques.
  7737 | D:8      | Bought a pair of runed boots for 195 gold pieces
  7737 | D:8      | Bought a knobbly silver ring for 130 gold pieces
  7934 | D:9      | Noticed a two-headed ogre
  8234 | D:9      | Reached skill level 1 in Maces & Flails
  8952 | D:9      | Reached skill level 5 in Maces & Flails
  9011 | D:9      | Killed a two-headed ogre
  9012 | D:9      | Reached XP level 11. HP: 64/64 MP: 6/14
  9339 | D:9      | Found a staircase to the Orcish Mines.
  9473 | D:10     | Entered Level 10 of the Dungeon
  9479 | D:10     | Noticed Erolcha
  9530 | Orc:1    | Entered Level 1 of the Orcish Mines
  9745 | Orc:1    | Offered knowledge of Hailstorm by Vehumet.
  9915 | Orc:1    | Noticed an ogre mage
 10392 | D:10     | Noticed a cyclops
 10408 | D:10     | Killed a cyclops
 10408 | D:10     | Reached *** piety under Vehumet
 10575 | D:10     | Noticed a four-headed hydra
 10591 | D:10     | Killed a four-headed hydra
 11055 | D:10     | Noticed a sun demon
 11571 | D:11     | Learned a level 4 spell: Flame Wave
 11966 | D:12     | Found Idoal's Weapon Shop.
 11976 | D:12     | Noticed a two-headed ogre
 11984 | D:12     | Killed a two-headed ogre
 12107 | D:12     | Offered knowledge of Ignite Poison by Vehumet.
 12211 | D:12     | Reached XP level 12. HP: 68/70 MP: 5/15
 12338 | D:12     | Noticed Nessos
 12343 | D:12     | Killed Nessos
 12344 | D:12     | Reached skill level 10 in Conjurations
 12450 | D:12     | Noticed Maurice
 12482 | D:12     | Killed Maurice
 13175 | D:12     | Reached skill level 12 in Earth Magic
 13625 | D:13     | Noticed a centaur warrior
 13629 | D:13     | Killed a centaur warrior
 13982 | D:9      | Reached skill level 10 in Armour
 14063 | Lair:1   | Entered Level 1 of the Lair of Beasts
 14117 | Lair:1   | Reached skill level 10 in Shields
 14341 | Lair:1   | Reached skill level 13 in Earth Magic
 14479 | Lair:1   | Reached **** piety under Vehumet
 14768 | Lair:1   | Identified the +7 sling of Severance {heavy, Int+3}
 14931 | Lair:1   | Offered knowledge of Frozen Ramparts by Vehumet.
 15120 | Lair:2   | Reached skill level 14 in Earth Magic
 15151 | Lair:2   | Noticed Maggie
 15180 | Lair:2   | Killed Maggie
 15275 | Lair:2   | Found a runed translucent gate.
 15275 | Lair:2   | Found a runed translucent gate.
 15275 | Lair:2   | Found a runed translucent gate.
 15276 | Lair:2   | Noticed jujuben's ghost (journeyman TrFi)
 15282 | Lair:2   | Noticed a skyshark
 15297 | Lair:2   | Killed a skyshark
 15302 | Lair:2   | Noticed jujuben's ghost (journeyman MiFi)
 15303 | Lair:2   | Noticed Babbit's ghost (journeyman MiFi)
 15333 | Lair:2   | Reached XP level 13. HP: 74/74 MP: 7/16
 15471 | Lair:2   | Reached skill level 15 in Earth Magic
 15895 | Lair:2   | Found a bloodstained altar of Trog.
 16109 | Lair:2   | Found a staircase to the Snake Pit.
 16204 | Lair:2   | Reached skill level 16 in Earth Magic
 16360 | Lair:2   | Learned a level 5 spell: Lee's Rapid Deconstruction
 16363 | Lair:2   | Found a staircase to the Shoals.
 17602 | Lair:3   | Identified the +8 trident of the Empty Page {antimagic,
                  | Str+3 Dex+2}
 19216 | Lair:5   | Entered Level 5 of the Lair of Beasts
 19379 | Lair:5   | Gained mutation: Your large and strong wings let you fly.
                  | [Gargoyle growth]
 19379 | Lair:5   | Reached XP level 14. HP: 78/86 MP: 5/17
 19514 | Lair:5   | Reached ***** piety under Vehumet
 19514 | Lair:5   | Offered knowledge of Yara's Violent Unravelling by Vehumet.
 19515 | Lair:5   | Reached skill level 17 in Earth Magic
 19967 | Lair:5   | Reached skill level 10 in Fighting
 20047 | Lair:5   | Found a staircase to the Slime Pits.
 21115 | Lair:5   | Offered knowledge of Starburst by Vehumet.
 21678 | Lair:5   | Identified the +8 war axe "Symuil" {protect, Fly rN+ MP-9
                  | Stlth+}
 22071 | Snake:1  | Entered Level 1 of the Snake Pit
 22739 | Snake:1  | Reached skill level 18 in Earth Magic
 23254 | Snake:1  | Noticed Kirke
 23310 | Snake:1  | Reached XP level 15. HP: 92/92 MP: 14/18
 24370 | Snake:2  | Found Jufimooj's General Store.
 24385 | Snake:2  | Found Dome's Neck Hole.
 24391 | Snake:2  | Bought a +2 cloak for 313 gold pieces
 24483 | Snake:2  | Offered knowledge of Iron Shot by Vehumet.
 24780 | Snake:2  | Reached skill level 5 in Dodging
 25458 | Snake:3  | Reached skill level 10 in Maces & Flails
 25606 | Snake:3  | Reached skill level 19 in Earth Magic
 27056 | Snake:4  | Entered Level 4 of the Snake Pit
 27090 | Snake:4  | Reached skill level 20 in Earth Magic
 27142 | Snake:4  | Learned a level 6 spell: Iron Shot
 27189 | Snake:4  | Reached XP level 16. HP: 97/97 MP: 11/19
 28143 | Snake:4  | Offered knowledge of Iskenderun's Battlesphere by Vehumet.
 28165 | Snake:4  | Noticed a nagaraja
 28197 | Snake:4  | Killed a nagaraja
 28692 | Snake:4  | Noticed a nagaraja
 28742 | Snake:4  | Noticed a nagaraja
 28758 | Snake:4  | Killed a nagaraja
 29054 | Snake:3  | Killed a nagaraja
 29377 | Snake:4  | Noticed a nagaraja
 29410 | Snake:4  | Killed a nagaraja
 29725 | Snake:4  | Noticed a nagaraja
 29735 | Snake:4  | Killed a nagaraja
 29783 | Snake:4  | Noticed a nagaraja
 29822 | Snake:4  | Killed a nagaraja
 29883 | Snake:4  | Noticed a nagaraja
 29899 | Snake:4  | Killed a nagaraja
 30029 | Snake:4  | Noticed Vashnia
 30684 | Snake:4  | Got a serpentine rune of Zot
 31120 | Snake:1  | Noticed Josephine
 31126 | Snake:1  | Killed Josephine
 31148 | Snake:1  | Killed Kirke
 31230 | Snake:1  | Found Zud Napt's Jewellery Shoppe.
 31231 | Snake:1  | Found Ahuaban's Book Boutique.
 31233 | Snake:1  | Found Geypn's Jewellery Shoppe.
 31580 | D:10     | Killed Erolcha
 31878 | D:10     | Reached skill level 5 in Spellcasting
 31915 | D:10     | Reached XP level 17. HP: 104/106 MP: 14/24
 32181 | D:13     | Noticed Lodul
 32191 | D:13     | Killed Lodul
 32468 | D:13     | Found a glowing golden altar of the Shining One.
 32586 | D:13     | Found a runed translucent gate.
 32587 | D:13     | Found a runed translucent gate.
 32588 | D:13     | Found a runed translucent gate.
 32590 | D:13     | Noticed suzumiya's ghost (journeyman TrGl)
 33078 | D:14     | Offered knowledge of Fireball by Vehumet.
 33084 | D:14     | Learned a level 4 spell: Petrify
 33090 | D:14     | Learned a level 5 spell: Lee's Rapid Deconstruction
 33152 | D:14     | Found Putathr Tewuo's Distillery.
 34564 | D:14     | Found the +15 Maxwell's patent armour {-Cast -Tele rElec
                  | Will+ rCorr}
 34565 | D:14     | Identified the +1 shortbow "Dunwy" {freeze, rN+ Int+3 SInv}
 34852 | D:14     | Found an opulent altar of Gozag.
 35141 | D:14     | Found a gate to the Vaults.
 35321 | D:15     | Entered Level 15 of the Dungeon
 35558 | D:15     | Identified a scroll of acquirement
 35559 | D:15     | Acquired a +3 eveningstar of protection
 36807 | D:15     | Found a staircase to the Depths.
 37945 | Orc:2    | Entered Level 2 of the Orcish Mines
 38020 | Orc:2    | Found a staircase to the Elven Halls.
 38402 | Orc:2    | Reached XP level 18. HP: 116/116 MP: 9/30
 38411 | Orc:2    | Offered knowledge of Freezing Cloud by Vehumet.
 38828 | Orc:2    | Found Melaluuf's Armour Emporium.
 38828 | Orc:2    | Found Zoviwn's Weapon Boutique.
 38829 | Orc:2    | Found Cigiegg's Armour Boutique.
 38829 | Orc:2    | Found Riyto Ago's Weapon Shoppe.
 38992 | Shoals:1 | Entered Level 1 of the Shoals
 39784 | Shoals:1 | Reached skill level 15 in Maces & Flails
 40144 | Shoals:2 | Noticed Polyphemus
 40556 | Shoals:2 | Noticed Mlioglotl
 40586 | Shoals:1 | Killed Mlioglotl
 40630 | Shoals:2 | Reached skill level 15 in Fighting
 40785 | Shoals:2 | Reached skill level 10 in Spellcasting
 40870 | Shoals:2 | Killed Polyphemus
 41371 | Shoals:2 | Noticed Louise
 41478 | Shoals:2 | Noticed Nikola
 41494 | Shoals:2 | Killed Nikola
 41609 | Shoals:2 | Reached ****** piety under Vehumet
 41836 | Shoals:3 | Offered knowledge of Lehudib's Crystal Spear by Vehumet.
 41846 | Shoals:3 | Learned a level 8 spell: Lehudib's Crystal Spear
 41974 | Shoals:3 | Found a transporter.
 42582 | Shoals:3 | Noticed Qidumn's ghost (adept MiFi)
 42584 | Shoals:3 | Found a transporter.
 42760 | Shoals:3 | Noticed a titan
 42829 | Shoals:3 | Killed a titan
 43198 | Shoals:3 | Identified the ring "Roapurph" {rN+ EV+5}
 43201 | Shoals:3 | Identified the +0 helmet "Okuem" {Dex+3 Stlth+}
 43203 | Shoals:3 | Identified the +3 scale mail "Haor" {rC+}
 43225 | Shoals:3 | Killed Qidumn's ghost
 43555 | Shoals:4 | Entered Level 4 of the Shoals
 43965 | Shoals:4 | Reached XP level 19. HP: 115/124 MP: 10/33
 45639 | Shoals:4 | Reached skill level 15 in Shields
 46621 | Shoals:4 | Got a barnacled rune of Zot
 47110 | Shoals:4 | Found a runed translucent door.
 47115 | Shoals:4 | Noticed gdog's ghost (adept GnDe)
 47358 | Shoals:4 | Killed gdog's ghost
 47366 | Shoals:4 | Got Sif Muna's Precepts of Transportation and Chilblains
 47781 | Elf:1    | Entered Level 1 of the Elven Halls
 47904 | Elf:1    | Noticed Aizul
 47922 | Elf:1    | Killed Aizul
 48070 | Elf:1    | Found a runed translucent gate.
 48071 | Elf:1    | Found a runed translucent gate.
 48072 | Elf:1    | Found a runed translucent gate.
 48072 | Elf:1    | Noticed jujuben's ghost (journeyman MiBe)
 48800 | Abyss:2  | Cast into level 2 of the Abyss (a wizard)
 48832 | Abyss:2  | Found a corrupted altar of Lugonu.
 49288 | Abyss:2  | Noticed a tentacled monstrosity
 49317 | Abyss:2  | Found a corrupted altar of Lugonu.
 49559 | Abyss:2  | HP: 7/124 [starcursed mass/accursed screaming (12)]
 49801 | Elf:1    | Escaped the Abyss
 49996 | Elf:1    | Offered knowledge of Fire Storm by Vehumet.
 49996 | Elf:1    | Offered knowledge of Polar Vortex by Vehumet.
 49996 | Elf:1    | Offered knowledge of Ignition by Vehumet.
 50498 | Elf:1    | Paralysed by an air elemental for 1 turns
 50808 | Elf:1    | Paralysed by an air elemental for 1 turns
 50908 | Elf:1    | Killed jujuben's ghost
 51009 | Elf:1    | Identified the +0 scale mail of Starshine {Int+7}
 51186 | Elf:2    | Paralysed by an air elemental for 1 turns
 51278 | Elf:2    | Found a runed translucent gate.
 51279 | Elf:2    | Found a runed translucent gate.
 51280 | Elf:2    | Found a runed translucent gate.
 51381 | Elf:2    | Noticed Jorgrun
 51410 | Elf:2    | Killed Jorgrun
 51575 | Elf:2    | Identified the +0 robe of Qazlal, Slashing {rPois rC+}
 52163 | Elf:2    | Reached XP level 20. HP: 45/129 MP: 7/34
 52168 | Elf:2    | HP: 5/129 [deep elf knight/shard of ice (16)]
 52320 | Elf:2    | Reached skill level 15 in Armour
 53029 | Elf:3    | Entered Level 3 of the Elven Halls
 53673 | Elf:3    | Found Poh Jash's Distillery.
 53677 | Elf:3    | Bought a potion of might for 68 gold pieces
 53677 | Elf:3    | Bought a potion of heal wounds for 85 gold pieces
 53677 | Elf:3    | Bought a potion of heal wounds for 85 gold pieces
 53677 | Elf:3    | Bought a potion of curing for 51 gold pieces
 53677 | Elf:3    | Bought 2 potions of berserk rage for 170 gold pieces
 53677 | Elf:3    | Bought a potion of might for 68 gold pieces
 54573 | Elf:3    | Identified the amulet "Reripe Mauz" {RegenMP rElec rCorr
                  | Int+3}
 54705 | Abyss:2  | Cast into level 2 of the Abyss (a deep elf sorcerer)
 54758 | Elf:3    | Escaped the Abyss
 55179 | Vaults:1 | Entered Level 1 of the Vaults
 55235 | Vaults:1 | Noticed Donald
 55242 | Vaults:1 | Killed Donald
 55311 | Vaults:1 | Noticed Zenata
 56170 | D:14     | HP: 8/193 [Zenata/a resonance strike (21)]
 56172 | D:14     | Mangled by a +2 heavy long sword

Illustrated notes

Levels and vault maps discovered:
D:1:      dpeg_arrival_long_road, layout_basic, minmay_vboxes
D:2:      layout_loops_cross, corner_web_ring, minmay_circle_x
D:3:      layout_loops_ring, chequers_ecumenical_altar_simple, uniq_grinder,
          uniq_natasha
D:4:      layout_basic, minmay_temple_entry_poolview, serial_shops,
          nicolae_shop_crystal
D:5:      layout_gridville, serial_shops, nicolae_shop_rolled_up,
          nicolae_shop_peninsula, nicolae_shop_hallway_stairs
D:6:      layout_loops_corners, mainiacjoe_overflow_alcove_2,
          grunt_dithmenos_smoke_and_mirrors, mainiacjoe_overflow_tiny_flanked,
          serial_shops, shop, minmay_parallelograms
D:7:      layout_basic, kennysheep_generic_room_10
D:8:      layout_rooms, amcnicky_altar_gilded, tgw_kikubaaqudgha,
          nicolae_elyvilon_peaceful_grove, lair_entry_dummy, serial_shops,
          nicolae_shop_dealshenge, uniq_erica
D:9:      layout_loops_ring, minmay_orc_entry_temple_small,
          minmay_misc_feat_chi, minmay_misc_feat_square
D:10:     minmay_chambers_of_sevens, layout_rooms, serial_rivers,
          chequers_serial_rivers_room_b, chequers_serial_rivers_micro_d,
          chequers_serial_rivers_micro_e, chequers_serial_rivers_small_b,
          chequers_serial_rivers_micro_a, uniq_erolcha
D:11:     layout_rooms
D:12:     layout_small_grid, serial_shops, shop, chequers_arboretum,
          uniq_nessos, uniq_maurice
D:13:     layout_loops_ring, gammafunk_ghost_nasty_kobolds, serial_park_tiny_2,
          tso_metal_star, uniq_lodul
D:14:     minmay_the_grid_3x3 [minmay_the_grid_paths, minmay_the_grid_tiny_cups,
          minmay_the_grid_square_x, minmay_the_grid_outer_diamond,
          minmay_the_grid_all_tris, minmay_the_grid_zigzag_pyramid,
          minmay_the_grid_holed_spiral, minmay_the_grid_dragon_a,
          minmay_the_grid_prize_trominoes], layout_irregular_city,
          david_vaults_1, serial_shops, nicolae_shop_real_fake_doors,
          nicolae_gozag_cash_rules_everything_around_me,
          grunt_decor_mini_mirrors, grunt_ministairs_11
D:15:     gammafunk_enter_depths_forms, layout_cave_pools, serial_column_ruins,
          column_ruins_hut_ruined, column_ruins_columns_T,
          column_ruins_columns_straight, column_ruins_columns_straight,
          serial_bayou_pond_d, minivault_16
Temple:   nicolae_temple_superstar
Lair:1:   layout_roguey, lemuel_fruit_fields
Lair:2:   layout_cave_shapes, minmay_shoals_entry_beasts,
          guppyfry_snake_entry_garden, gammafunk_ghost_cemetery,
          lemuel_centaur_altar, uniq_maggie
Lair:3:   layout_chaotic_city
Lair:4:   layout_loops_ring, st_stairs_9, minivault_25,
          chequers_serial_rivers_micro_a, serial_bayou_shore_b
Lair:5:   hangedman_lair_caniforms_friends, layout_misc_corridors, slime_entry_1
Shoals:1: layout_shoals, st_sunken_huts
Shoals:2: layout_shoals, nicolae_shoals_dead_sea_scrolls, uniq_polyphemus,
          uniq_louise, uniq_mlioglotl, uniq_nikola
Shoals:3: cheibrodos_shoals_gigantism, layout_shoals,
          gammafunk_ghost_berserking_beasts
Shoals:4: shoals_end_grunt_garden, layout_shoals, ebering_ghost_reflecting_pool
Snake:1:  layout_onion_interference, grunt_megastairs_5, minmay_shop_grove,
          uniq_josephine, uniq_kirke
Snake:2:  layout_grid_maze, serial_shops, nicolae_square_shop, st_stairs_10,
          nicolae_shop_sticking_my_neck_out
Snake:3:  layout_misc_corridors, st_stairs_13, nicolae_elevator_lobby_asterisk
Snake:4:  minmay_snake_end_coiled, layout_rooms, nicolae_snake_slithery_hallway,
          uniq_vashnia
Orc:1:    hellmonk_paralyzer, layout_caves, basic_altar
Orc:2:    st_orc_ogre_mass, layout_caves
Elf:1:    elf_arrival_001, layout_onion_city, gammafunk_ghost_split,
          hangedman_elf_disciples, uniq_aizul
Elf:2:    elven_hall_of_blades_hangedman_original
          [nicolae_blade_entry_diamond_columns], layout_gridlike,
          grunt_ministairs_6, drop_trap, uniq_jorgrun
Elf:3:    grunt_elf_hall_diamonds, layout_onion_city, serial_shops,
          nicolae_shop_statue_plus, minivault_16
Vaults:1: ontoclasm_vaults_tryst, hangedman_vaults_nails, grunt_vaults_diagonal,
          hangedman_vaults_locks, nicolae_vaults_shipping_containers_2,
          vaults_dpeg_hooks, nicolae_vaults_wine_cellar,
          nicolae_vaults_ninety_degrees, hangedman_vaults_capsules,
          vaults_dpeg_emergency_exit, nicolae_vaults_big_ls,
          layout_vaults_maze_bifur, uniq_zenata, uniq_donald

Skill      XL: |  1  2  3  4  5  6  7  8  9 10 11 12 13 14 15 16 17 18 19 20 |
---------------+-------------------------------------------------------------+-----
Earth Magic    | 4 5 6 8 9 10 11 14 16 18 20 | 20.0
Fighting       | 1 3 4 6 9 10 11 14 15 | 15.0
Armour         | 2 4 5 7 9 10 14 15 | 15.0
Conjurations   | 2 4 6 7 9 10 | 10.4
Shields        | 1 3 5 7 9 10 12 13 15 | 15.3
Maces & Flails | 5 6 8 11 14 16 | 16.0
Dodging        | 3 5 9 |  9.1
Spellcasting   | 5 8 10 | 10.0
Stealth        | |  2.2
Transmutations | |  0.7

Action                     |  1- 3 |  4- 6 |  7- 9 | 10-12 | 13-15 | 16-18 | 19-21 || total
---------------------------+-------+-------+-------+-------+-------+-------+-------++-------
  Melee: Unarmed           |     4 |       |       |       |       |       |       ||     4
         Club              |     9 |       |       |       |       |       |       ||     9
         Staff             |     7 |       |       |       |       |       |       ||     7
         Dagger            |       |       |    13 |       |       |       |       ||    13
         Flail             |       |       |     3 |    52 |   184 |   221 |       ||   460
         Eveningstar       |       |       |       |       |       |   445 |   451 ||   896
   Cast: Sandblast         |    52 |    48 |   143 |   269 |   753 |   706 |    96 ||  2067
         Stone Arrow       |       |       |     9 |   134 |   173 |   519 |   518 ||  1353
         Flame Wave        |       |       |       |     1 |     2 |     1 |       ||     4
         Lee's Rapid Decon |       |       |       |       |     1 |     1 |       ||     2
         Iron Shot         |       |       |       |       |       |    20 |    52 ||    72
         Petrify           |       |       |       |       |       |     1 |       ||     1
  Evoke: Wand              |       |       |     1 |       |       |       |       ||     1
         Box of beasts     |       |       |       |       |       |       |     1 ||     1
         Phial of floods   |       |       |       |       |       |       |     1 ||     1
    Use: Scroll            |       |     7 |     7 |    19 |     9 |    13 |    23 ||    78
         Potion            |       |       |       |     6 |     1 |    11 |    24 ||    42
   Stab: Distracted        |       |       |       |       |       |       |     1 ||     1
 Armour: Ring mail         |    30 |     1 |    54 |    18 |       |       |       ||   103
         Troll leather arm |       |       |       |   162 |   373 |   651 |   176 ||  1362
         Steam dragon scal |       |       |       |       |    32 |       |       ||    32
         Scale mail        |       |       |       |       |       |       |   314 ||   314
  Dodge: Dodged            |    33 |     1 |    52 |   153 |   261 |   374 |   247 ||  1121
  Block: Buckler           |       |       |    18 |    63 |    80 |       |       ||   161
         Reflection        |       |       |       |     1 |    55 |   202 |   134 ||   392
         Tower shield      |       |       |       |       |   923 |  1787 |  1255 ||  3965
